 Dungeon Crawl Stone Soup version 0.28-a0-429-g1448048969 (webtiles) character file.

Game seed: 11375046387030229299

3746 robertstho the Thaumaturge (level 10, -4/69 HPs)
             Began as a Djinni Fire Elementalist on Sept 10, 2021.
             Was an Initiate of Gozag.
             Slain by Menkaure (12 damage)
             ... on level 7 of the Dungeon.
             The game lasted 00:13:12 (11004 turns).

robertstho the Thaumaturge (DjFE)                  Turns: 11004, Time: 00:13:13

Health: -4/69      AC:  3    Str: 10    XL:     10   Next: 37%
Gold:   654        EV: 12    Int: 20    God:    Gozag SH:  6 Dex: 14

rFire   + + .      SeeInvis .   p - +2 hand axe of Overwhelming Force {venom, Str+3}
rCold   x . .      Faith    .   g - +2 buckler
rNeg    . . .      Spirit   .   a - +0 robe
rPois   ∞          Reflect  .   (no helmet)
rElec   .          Harm     .   n - +0 cloak
rCorr   .          Rampage  .   (no gloves)
Will    +....                   (boots unavailable)
Stlth   ++........              (no amulet)
HPRegen 0.21/turn               (no ring)
MPRegen 0.00/turn               (no ring)

@: flying
A: sickness immunity, fire resistance 2, cold vulnerability 1, float, innate
caster, hp casting, extra vitality 1
a: Renounce Religion, Potion Petition, Call Merchant, Bribe Branch


You were on level 7 of the Dungeon.
You worshipped Gozag.
Gozag was pleased with you.
You visited 2 branches of the dungeon, and saw 8 of its levels.
You also visited: Ossuary.

You collected 823 gold pieces.
You paid 169 gold pieces to Gozag.

Inventory:

Hand Weapons
 b - a +1 dagger of venom
 o - a +3 war axe
 p - the +2 hand axe of Overwhelming Force (weapon) {venom, Str+3}
   (You found it on level 4 of the Dungeon)

   It poisons the flesh of those it strikes.
   Str:       It affects your strength (+3).
Missiles
 x - 2 throwing nets
Armour
 a - a +0 robe (worn)
 g - a +2 buckler (worn)
 n - a +0 cloak (worn)
Wands
 k - a wand of polymorph (7)
 y - a wand of flame (12)
 E - a wand of iceblast (3)
Scrolls
 j - 4 scrolls of teleportation
 m - 2 scrolls of enchant weapon
 q - 3 scrolls of noise {unknown}
 s - a scroll of magic mapping
 u - a scroll of enchant armour
 v - 2 scrolls of immolation
 z - a scroll of blinking
 A - 2 scrolls of identify
 B - a scroll of fear {unknown}
 C - 2 scrolls of amnesia {unknown}
 F - a scroll of torment {unknown}
Potions
 c - 2 potions of attraction
 d - 4 potions of degeneration {unknown}
 e - 4 potions of haste
 f - 2 potions of curing
 h - a potion of might {unknown}
 i - 2 potions of magic {unknown}
 r - a potion of berserk rage {unknown}
 t - a potion of cancellation {unknown}
 w - 2 potions of brilliance {unknown}
 D - a potion of lignification {unknown}


   Skills:
 * Level 4.7 Fighting
 + Level 0.9 Short Blades
 + Level 1.2 Axes
 + Level 2.9 Dodging
 + Level 3.0 Stealth
 + Level 0.8 Shields
 * Level 10.1 Spellcasting


You had 6 spell levels left.
You knew the following spells:

 Your Spells              Type           Power      Damage    Failure   Level
a - Foxfire               Conj/Fire      100%       2x1d9     1%          1
b - Scorch                Fire           100%       2d10      1%          2
c - Conjure Flame         Conj/Fire      50%        6-21      1%          3
d - Inner Flame           Hex/Fire       50%        N/A       1%          3
e - Flame Wave            Conj/Fire      50%        3d10      1%          4
f - Apportation           Tloc           100%       N/A       1%          1
g - Slow                  Hex            50%        N/A       1%          2
h - Teleport Other        Tloc           50%        N/A       1%          3
i - Passage of Golubria   Tloc           N/A        N/A       1%          4
Your spell library was empty.

Dungeon Overview and Level Annotations

Branches:
Dungeon (7/15)             Temple (1/1) D:6         Ossuary (visited)

Altars:
Ashenzari
Dithmenos
Elyvilon
Gozag
Hepliaklqana
Makhleb
Nemelex Xobeh
Okawaru
Qazlal
Ru
Sif Muna
Uskayaw
Wu Jian
Xom
Yredelemnul
Zin
The Shining One

Annotations:
D:3 1 runed translucent door, Dittersdorf's ghost, amateur GrFi
D:7 Menkaure


Innate Abilities, Weirdness & Mutations

You are immune to sickness and miasma.
You are immune to poison.
Your flesh is very heat resistant. (rF++)
You are vulnerable to cold. (rC-)
You float through the air rather than walking.
You learn spells naturally, not from books.
Your magical power is your life essence.
You have superior vitality. (+4 HP)


Message History

You hit Menkaure but do no damage.
Menkaure points at you and mumbles some strange words.
You resist with significant effort.
You hit Menkaure.
Menkaure is lightly damaged.
Menkaure calls on the powers of darkness!
Your body is wracked with pain!
* * * LOW HITPOINT WARNING * * *
Menkaure hits you.
* * * LOW HITPOINT WARNING * * *
You feel much better. Menkaure hits you!!
* * * LOW HITPOINT WARNING * * *
Casting: Scorch (safe; 1% risk of failure)
Confirm with . or Enter, or press ? or * to list all spells.
Aiming: Teleport Other (safe; 1% risk of failure)
Press: ? - help, Shift-Dir - straight line, f - Menkaure
Aim: Menkaure (lightly damaged, fast, chance to affect: 81%) Menkaure looks slightly unstable.
* * * LOW HITPOINT WARNING * * *
Menkaure gestures at you while chanting.
You resist with significant effort.
Casting: Teleport Other (safe; 1% risk of failure)
Confirm with . or Enter, or press ? or * to list all spells.
Aiming: Teleport Other (safe; 1% risk of failure)
Press: ? - help, Shift-Dir - straight line, f/p - Menkaure
Aim: Menkaure (lightly damaged, fast, chance to affect: 81%) Menkaure seems more stable.
* * * LOW HITPOINT WARNING * * *
Menkaure closely misses you.
Unknown command.
Casting: Teleport Other (safe; 1% risk of failure)
Confirm with . or Enter, or press ? or * to list all spells.
Aiming: Teleport Other (safe; 1% risk of failure)
Press: ? - help, Shift-Dir - straight line, f/p - Menkaure
Aim: Menkaure (lightly damaged, fast, chance to affect: 81%) Menkaure looks slightly unstable.
* * * LOW HITPOINT WARNING * * *
Menkaure misses you. Menkaure hits you!
You die...
Your body crumbles into a pile of gold.

........#
#.#
#.#.##..#
#.#
#.......#
#.# ###.#
#.# #.# #.#
#.# #.#
#.######.##
#..M@.....#
###########


You could see Menkaure (fast).

Vanquished Creatures
  Joseph (D:7)
  Prince Ribbit (D:6)
  2 hornets (D:7)
  Duvessa (D:7)
  2 ice beasts
  2 orc warriors
  A sky beast (D:6)
  A black bear (D:6)
  2 centaurs (D:7)
  An ogre (D:6)
  A necrophage (D:5)
  A bullfrog (D:7)
  9 scorpions
  A water moccasin zombie (D:6)
  Dowan (D:7)
  A water moccasin skeleton (D:6)
  4 wights (D:7)
  A crimson imp (D:6)
  3 centaur zombies (D:7)
  A hound (D:4)
  A jelly (D:5)
  2 bullfrog skeletons
  A human zombie (D:5)
  3 orc priests
  2 iguanas (D:5)
  Jessica (D:3)
  Terence (D:3)
  7 orc wizards
  A hound zombie (D:5)
  2 hound skeletons (D:5)
  3 mummies (Ossuary)
  A howler monkey zombie (D:4)
  4 gnolls (D:5)
  5 adders
  A white imp (D:6)
  5 adder zombies (Ossuary)
  An adder skeleton (D:4)
  A worm (D:4)
  3 dart slugs
  19 orcs
  3 endoplasms
  7 giant cockroaches
  A gnoll zombie (Ossuary)
  7 hobgoblins
  3 jackals (D:3)
  4 kobolds
  6 quokkas
  9 ball pythons
  9 bats
  2 frilled lizards
  8 goblins
  3 goblin zombies (Ossuary)
  3 hobgoblin zombies (Ossuary)
  3 kobold zombies (Ossuary)
  A quokka zombie (Ossuary)
  4 rats
  2 rat zombies (Ossuary)
176 creatures vanquished.

Vanquished Creatures (others)
  715 foxfires
715 creatures vanquished.

Grand Total: 891 creatures vanquished

Notes
Turn   | Place    | Note
-------+----------+-------------------------------------------
     0 | D:1      | robertstho the Djinni Fire Elementalist began the quest for
                  | the Orb.
     0 | D:1      | Reached XP level 1. HP: 15/15 MP: 0/0
   229 | D:1      | Reached XP level 2. HP: 17/21 MP: 0/0
   638 | D:1      | Reached skill level 3 in Spellcasting
   874 | D:1      | Reached XP level 3. HP: 22/25 MP: 0/0
   874 | D:1      | Learned a level 1 spell: Apportation
  1489 | D:1      | Found a faded altar of an unknown god.
  2410 | D:2      | Reached XP level 4. HP: 28/31 MP: 0/0
  2987 | D:3      | Found a glowing golden altar of the Shining One.
  3053 | D:3      | Noticed Terence
  3272 | D:3      | Killed Terence
  3545 | D:3      | Reached XP level 5. HP: 16/36 MP: 0/0
  3545 | D:3      | Learned a level 2 spell: Slow
  3666 | D:3      | Reached skill level 1 in Fighting
  3801 | D:3      | Found a runed translucent door.
  3805 | D:3      | Noticed Dittersdorf's ghost (amateur GrFi)
  3832 | D:3      | Noticed Jessica
  3838 | D:3      | Killed Jessica
  3839 | D:3      | Reached skill level 4 in Spellcasting
  3959 | D:3      | Found a white marble altar of Elyvilon.
  4270 | D:3      | Found a shadowy altar of Dithmenos.
  4436 | D:4      | Reached XP level 6. HP: 27/42 MP: 0/0
  5136 | D:4      | Identified the +2 hand axe of Overwhelming Force {venom,
                  | Str+3}
  5209 | D:4      | Reached skill level 5 in Spellcasting
  5209 | D:4      | Reached XP level 7. HP: 39/48 MP: 0/0
  5209 | D:4      | Learned a level 3 spell: Teleport Other
  5461 | D:5      | Entered Level 5 of the Dungeon
  5836 | D:5      | Found a sand-covered staircase.
  5853 | Ossuary  | Entered an ossuary
  6624 | D:5      | Reached XP level 8. HP: 50/55 MP: 0/0
  6695 | D:5      | Found a hide-covered altar of Uskayaw.
  6707 | D:5      | Reached skill level 6 in Spellcasting
  7210 | D:5      | Found a sacrificial altar of Ru.
  7851 | D:6      | Noticed Prince Ribbit
  7857 | D:6      | Killed Prince Ribbit
  7858 | D:6      | Reached skill level 7 in Spellcasting
  7973 | D:6      | Reached XP level 9. HP: 46/61 MP: 0/0
  7973 | D:6      | Learned a level 4 spell: Passage of Golubria
  8229 | D:6      | Found a staircase to the Ecumenical Temple.
  8292 | Temple   | Entered the Ecumenical Temple
  8400 | D:6      | Found an opulent altar of Gozag.
  8409 | D:6      | Became a worshipper of Gozag Ym Sagoz the Greedy
  8531 | D:6      | Reached skill level 8 in Spellcasting
  9394 | D:7      | Noticed Duvessa
  9394 | D:7      | Noticed Dowan
  9399 | D:7      | Killed Duvessa
  9415 | D:7      | Killed Dowan
  9452 | D:7      | Reached skill level 9 in Spellcasting
  9902 | D:7      | Reached XP level 10. HP: 37/69 MP: 0/0
 10384 | D:7      | Found the +8 orange crystal plate armour {Archmagi, Int+3
                  | Clar}
 10560 | D:7      | Reached skill level 1 in Axes
 10579 | D:7      | Noticed Joseph
 10590 | D:7      | Killed Joseph
 10591 | D:7      | Reached skill level 10 in Spellcasting
 10994 | D:7      | Noticed Menkaure
 11004 | D:7      | Slain by Menkaure

Illustrated notes

Levels and vault maps discovered:
D:1:      heliophobic_arrival_battle_scene, layout_loops_ring,
          dreamdust_ecumenical_altar_angels_and_demons,
          minmay_misc_feat_diagonals, minmay_tall_x
D:2:      layout_basic
D:3:      layout_loops_ring, nicolae_overflow_hidden_temple,
          amcnicky_altar_gilded, ebering_ghost_inner_flame, minmay_between,
          uniq_jessica, uniq_terence
D:4:      layout_cave_pools, minivault_25
D:5:      layout_basic, nicolae_ru_sacrificial_ziggurat,
          overflow_temple_1_default, enter_ossuary_3
D:6:      layout_cave_pods, old_standard_altar, minmay_temple_entry_waves,
          minmay_fire_ice_demons, uniq_prince_ribbit1
D:7:      layout_basic, chequers_avenue, minmay_misc_feat_doors, uniq_menkaure,
          uniq_joseph, uniq_duvessa
Temple:   eino_wide_crystal_templ

Skill      XL: |  1  2  3  4  5  6  7  8  9 10 |
---------------+-------------------------------+-----
Spellcasting   | 3 4 5 7 9 10 | 10.1
Fighting       | 1 2 3 4 |  4.7
Stealth        | 2 3 |  3.0
Axes           | 1 |  1.2
Short Blades   | |  0.9
Dodging        | |  2.9
Shields        | |  0.8

Action                   |  1- 3 |  4- 6 |  7- 9 | 10-12 || total
-------------------------+-------+-------+-------+-------++-------
Melee: Dagger            |     1 |    17 |       |       ||    18
       Hand axe          |       |       |    12 |    20 ||    32
 Cast: Foxfire           |   103 |   129 |   197 |     9 ||   438
       Scorch            |       |    15 |    79 |     8 ||   102
       Flame Wave        |       |       |     5 |     6 ||    11
       Teleport Other    |       |       |     4 |     3 ||     7
  Use: Scroll            |       |     3 |     3 |       ||     6
       Potion            |       |       |       |     4 ||     4
 Stab: Sleeping          |       |     1 |       |       ||     1
Armor: Robe              |     7 |     8 |    10 |    12 ||    37
Dodge: Dodged            |     7 |    20 |    18 |    32 ||    77
Block: Buckler           |       |    11 |    13 |    12 ||    36

Table legend: (Time is in decaauts)
 A = Elapsed time spent in this place.
 B = Non-inter-level travel time spent in this place.
 C = Inter-level travel time spent in this place.
 D = Time resting spent in this place.
 E = Time spent auto-exploring this place.
 F = Levels seen in this place.
 G = Mean time per level.
                   A        B        C        D        E       F      G
               +--------+--------+--------+--------+--------+-----+--------+
         Total |  11015 |  10757 |    258 |    937 |   8509 |   9 | 1223.9 |
       Dungeon |  10200 |   9949 |    251 |    710 |   8018 |   7 | 1457.1 |
        Temple |     51 |     44 |      7 |      0 |     37 |   1 |   51.0 |
       Ossuary |    762 |    762 |      0 |    227 |    454 |   1 |  762.0 |
               +--------+--------+--------+--------+--------+-----+--------+

Top non-repeatable levels by time:
     D:1: 1878 daAuts
     D:7: 1690 daAuts
     D:6: 1612 daAuts
     D:5: 1436 daAuts
     D:3: 1291 daAuts
     D:2: 1153 daAuts
     D:4: 1138 daAuts
 Ossuary: 762 daAuts
  Temple: 51 daAuts
